 Dungeon Crawl Stone Soup version 0.28.0-53-g5a82cb258f (webtiles) character file.

Game seed: 18182340859955958930

177551 DemonSlayer the Eclecticist (level 17, -34/123 HPs)
             Began as a Demonspawn Fire Elementalist on July 30, 2022.
             Was the Champion of Cheibriados.
             Killed from afar by Mara (48 damage)
             ... with a bolt of fire
             ... on level 3 of the Snake Pit.
             The game lasted 03:11:43 (47049 turns).

DemonSlayer the Eclecticist (DsFE)                 Turns: 47049, Time: 03:11:43

Health: -34/123    AC: 26    Str: 30    XL:     17   Next: 54%
Magic:  28/36      EV: 20    Int: 36    God:    Cheibriados [******]
Gold:   358        SH: 19    Dex: 37    Spells: 6/46 levels left

rFire   . . .      SeeInvis +   G - +10 morningstar "Eos" {elec, Halo rElec}
rCold   . . .      Faith    .   l - +3 kite shield
rNeg    + . .      Spirit   .   g - +1 scale mail of Asceticism {Harm Regen+ Str+2 Int-4}
rPois   .          Reflect  .   S - +2 hat {Will+}
rElec   +          Harm     +   (cloak unavailable)
rCorr   .          Rampage  .   z - +0 pair of gloves "Zyib" {Dex+6}
Will    +++..                   x - +1 pair of boots of Duipposu {rN+ Regen+ SInv}
Stlth   ++........              P - amulet of regeneration
HPRegen 2.70/turn               A - ring of the Octopus King {AC+1 EV+1 Str+1 Int+1 Dex+1 SInv}
MPRegen 0.50/turn               C - ring of the Tortoise {AC+8}

@: mighty, glowing, studying Unarmed Combat, very slow
A: rugged brown scales 3, powered by death 2, magic regeneration, demonic
willpower, weakness stinger 3, hooves 1, clever 1, strong 1
a: Renounce Religion, Bend Time, Temporal Distortion, Slouch, Step From Time


You were on level 3 of the Snake Pit.
You worshipped Cheibriados.
Cheibriados was exalted by your worship.
You visited 6 branches of the dungeon, and saw 29 of its levels.
You visited the Abyss 1 time.
You visited 1 bazaar.
You also visited: Trove, Ossuary and Gauntlet.

You collected 5430 gold pieces.
You spent 5072 gold pieces at shops.

Inventory:

Hand Weapons
 f - the +12 dagger "Qoyrien" {vorpal, rC+ Dex+4}
   (You bought it in a shop on level 1 of the Dungeon)

   It inflicts extra damage upon your enemies.
   Dex:       It affects your dexterity (+4).
   rC:        It protects you from cold.
 G - the +10 morningstar "Eos" (weapon) {elec, Halo rElec}
   (You bought it in a shop on level 12 of the Dungeon)

   It occasionally discharges a powerful burst of electricity upon striking a
   foe.
   It grants its wielder a halo, increasing accuracy against those within it.
   rElec:     It insulates you from electricity.
Missiles
 o - 2 throwing nets
 D - 6 curare-tipped darts
Armour
 g - the +1 scale mail of Asceticism (worn) {Harm Regen+ Str+2 Int-4}
   (You found it in a Gauntlet)

   Str:       It affects your strength (+2).
   Int:       It affects your intelligence (-4).
   Regen:     It increases your rate of health regeneration.
   Harm:      It increases damage dealt and taken.
 l - a +3 kite shield (worn)
 x - the +1 pair of boots of Duipposu (worn) {rN+ Regen+ SInv}
   (You found it in a Gauntlet)

   rN:        It protects you from negative energy.
   SInv:      It lets you see invisible.
   Regen:     It increases your rate of health regeneration.
 z - the +0 pair of gloves "Zyib" (worn) {Dex+6}
   (You found it in a treasure trove)

   Dex:       It affects your dexterity (+6).
 S - a +2 hat of willpower (worn)
Jewellery
 h - a ring of protection from fire
 u - a ring of resist corrosion
 A - a ring of the Octopus King (left hand) {AC+1 EV+1 Str+1 Int+1 Dex+1 SInv}
   (You found it in a Gauntlet)

   [ring of see invisible]

   AC:        It affects your AC (+1).
   EV:        It affects your evasion (+1).
   Str:       It affects your strength (+1).
   Int:       It affects your intelligence (+1).
   Dex:       It affects your dexterity (+1).
   SInv:      It lets you see invisible.
 C - the ring of the Tortoise (right hand) {AC+8}
   (You found it on level 7 of the Dungeon)

   [ring of protection]

   AC:        It affects your AC (+8).
 I - a ring of flight
 P - an amulet of regeneration (around neck)
 Y - a ring of poison resistance
Wands
 b - a wand of paralysis (16)
 s - a wand of mindburst (12)
 y - a wand of iceblast (5)
 E - a wand of acid (2)
 L - a wand of polymorph (9)
 N - a wand of flame (17)
Scrolls
 c - 4 scrolls of amnesia
 i - 3 scrolls of magic mapping
 j - 19 scrolls of teleportation
 q - 3 scrolls of vulnerability
 F - 2 scrolls of fear
 J - a scroll of brand weapon
 O - a scroll of enchant armour
 Q - 4 scrolls of immolation
Potions
 a - a potion of resistance
 d - 4 potions of ambrosia
 m - 3 potions of brilliance
 n - 10 potions of curing
 p - 5 potions of cancellation
 r - 2 potions of mutation
 t - 5 potions of lignification
 w - 7 potions of attraction
 B - 3 potions of flight
 H - a potion of might
Miscellaneous
 e - a box of beasts
 k - a tin of tremorstones (2/2)
 v - a phial of floods
 K - a condenser vane
 T - a phantom mirror


   Skills:
 + Level 5.0 Fighting
 + Level 7.3 Short Blades
 + Level 3.5 Maces & Flails
 + Level 1.5 Throwing
 + Level 6.9 Armour
 + Level 7.8 Dodging
 + Level 8.0 Stealth
 + Level 9.3 Shields
 + Level 15.4 Spellcasting
 + Level 10.6 Conjurations
 + Level 1.3 Hexes
 + Level 0.2 Summonings
 + Level 1.2 Translocations
 + Level 2.6 Transmutations
 + Level 13.6 Fire Magic
 + Level 2.4 Ice Magic
 + Level 5.5 Air Magic
 + Level 5.6 Poison Magic
 + Level 0.1 Invocations
 + Level 3.2 Evocations


You had 6 spell levels left.
You knew the following spells:

 Your Spells              Type           Power      Damage    Failure   Level
b - Scorch                Fire           100%       2d10      1%          2
d - Flame Wave            Conj/Fire      86%        2d15      1%          4
e - Sticky Flame          Conj/Fire      86%        2d10      1%          4
f - Mephitic Cloud        Conj/Pois/Air  68%        N/A       1%          3
g - Ignite Poison         Fire/Tmut/Pois 69%        N/A       1%          3
h - Freezing Cloud        Conj/Ice/Air   32%        6-21      13%         5
i - Blink                 Tloc           72%        N/A       5%          2
j - Ensorcelled Hibernat  Hex/Ice        82%        N/A       4%          2
k - Anguish               Hex/Necr       16%        N/A       41%         4
l - Summon Guardian Gole  Hex/Summ       33%        N/A       13%         3
m - Summon Ice Beast      Ice/Summ       37%        N/A       34%         4
n - Leda's Liquefaction   Hex/Erth       16%        N/A       41%         4

Your spell library contained the following spells:

 Spells                   Type           Power      Damage    Failure   Level
 Foxfire                  Conj/Fire      100%       2x1d9     1%          1
 Conjure Flame            Conj/Fire      86%        6-21      1%          3
 Inner Flame              Hex/Fire       69%        N/A       1%          3
 Iskenderun's Battlesphe  Conj           81%        2d13      2%          5
 Apportation              Tloc           72%        N/A       3%          1
 Spider Form              Tmut/Pois      55%        N/A       3%          3
 Summon Small Mammal      Summ           100%       N/A       5%          1
 Animate Skeleton         Necr           54%        N/A       6%          1
 Olgreb's Toxic Radiance  Pois           62%        N/A       6%          4
 Call Imp                 Summ           29%        N/A       9%          2
 Gell's Gravitas          Tloc           36%        N/A       11%         3
 Lesser Beckoning         Tloc           36%        N/A       11%         3
 Portal Projectile        Hex/Tloc       74%        N/A       11%         3
 Teleport Other           Tloc           36%        N/A       11%         3
 Irradiate                Conj/Tmut      33%        3d24      11%         5
 Call Canine Familiar     Summ           29%        N/A       16%         3
 Alistair's Intoxication  Tmut/Pois      36%        N/A       30%         5
 Conjure Ball Lightning   Conj/Air       36%        3x3d12    32%         6
 Silence                  Hex/Air        25%        N/A       38%         5
 Animate Armour           Summ/Erth      56%        N/A       50%         4
 Blade Hands              Tmut           23%        N/A       50%         5
 Manifold Assault         Tloc           36%        N/A       69%         5
 Iron Shot                Conj/Erth      30%        9d6       71%         6
 Borgnjor's Vile Clutch   Necr/Erth      13%        N/A       86%         5
 Lee's Rapid Deconstruct  Erth           13%        3d10*     86%         5
 Eringya's Noxious Bog    Tmut/Pois      27%        N/A       86%         6
 Dispersal                Tloc           18%        N/A       99%         6
 Statue Form              Tmut/Erth      24%        N/A       99%         6
 Ignition                 Fire           45%        3d13      82%         8
 Spellforged Servitor     Conj/Summ      30%        N/A       99%         7
 Dragon Form              Tmut           23%        N/A       100%        7
 Ozocubu's Refrigeration  Ice            22%        4d9       100%        7
 Summon Hydra             Summ           14%        N/A       100%        7
 Discord                  Hex            18%        N/A       100%        8
 Disjunction              Tloc           18%        N/A       100%        8


Dungeon Overview and Level Annotations

Branches:
Dungeon (15/15)            Temple (1/1) D:5            Lair (6/6) D:10
  Swamp (0/4) Lair:4        Snake (4/4) Lair:4        Slime (0/5) Lair:5
    Orc (2/2) D:10            Elf (1/3) Orc:2        Vaults (0/5) D:13
 Depths (0/4) D:15        Ossuary (visited)         Gauntlet (visited)

Altars:
Cheibriados
Gozag
Makhleb
Okawaru
Uskayaw
Xom
Zin
Beogh

Shops:
D:1 *   D:6 [   D:12 ?[((   D:15 *   Orc:2 **[!   Snake:1 =*((   Snake:3 :

Annotations:
D:9 1 runed translucent door, reezoh's ghost, novice DjGl
Snake:3 Mara


Innate Abilities, Weirdness & Mutations

You are completely covered in rugged brown scales. (AC +3, +7% HP)
You regenerate health from kills.
You regenerate magic rapidly.
You punish those that try to bend your will. (Will+)
You have a sharp stinger which inflicts weakening toxins.
You have large cloven feet.
Your mind is acute. (Int +2)
Your muscles are strong. (Str +2)


Message History

You feel very sick.
Mara burns!
Mara weaves an illusion.
Mara shimmers and seems to become two!
You hit Mara. Lightning courses through Mara!!
Mara is heavily wounded.
You feel very sick.
Mara burns!
Mara hits you with a +3 demon blade of venom.
You are more poisoned.
Mara hits you with a +3 demon blade of venom!!
You are more poisoned.
Mara hits you with a +3 demon blade of venom.
You are more poisoned.
You feel very mighty all of a sudden.
You feel very sick.
Mara burns!
Mara points ostentatiously.
Mara hits you with a +3 demon blade of venom!!
* * * LOW HITPOINT WARNING * * *
You are more poisoned.
Mara hits you but does no damage.
You are more poisoned.
Unknown command.
* * * LOW HITPOINT WARNING * * *
You feel extremely sick.
Mara stops burning. x2
Mara hits you with a +3 demon blade of venom!
* * * LOW HITPOINT WARNING * * *
You are more poisoned.
You block Mara's attack.
Mara says, "Entranced by some poetic flight, are you?"
You climb upwards.
Mara shimmers and vanishes! x2
* * * LOW HITPOINT WARNING * * *
You feel extremely sick.
There is a stone staircase leading down, spattered with blood here.
You feel better. Mara gestures at you. The bolt of fire hits you!!!
You die...

##.........+..........+....
##........#...#####.##....
####++####...#####.###'##
#..# #............... #..#
##..............
#..#####..####........
#...^.....# #...##.##
#.######''####+++##'##
#.##R@...............#
#.##.....<...........#
#.##.................#
#.#..................#
#.#8.................#
##....................#
###.8.∩<8(.........(....+
#.......................+
####'###.8#................#


You could see Mara.

Vanquished Creatures
  Vashnia (Snake:2)
  Jorgrun (Orc:1)
  A tentacled starspawn (Abyss:2)
  Gastronok (Lair:1)
  Kirke (D:13)
  Roxanne (Snake:2)
  A nagaraja (Snake:2)
  A deep elf sorcerer (Elf:1)
  A stone giant (D:13)
  Azrael (D:12)
  A minotaur (Gauntlet)
  The ghost of dang3rdave the Fighter, a journeyman GrTm of Jiyva (Lair:6)
  3 ettins (D:13)
  Josephine (D:12)
  A fire dragon (Lair:6)
  A rakshasa (D:15)
  Fannar (D:10)
  5 boulder beetles
  Harold (D:8)
  A salamander tyrant (Snake:2)
  12 hydras
  5 anacondas
  An ogre mage (D:15)
  4 naga warriors
  Erica (D:9)
  An alligator (Lair:6)
  4 centaur warriors (D:15)
  2 catoblepae
  A tengu warrior (D:13)
  7 death yaks
  8 two-headed ogres
  4 dancing weapons (Elf:1)
  2 orc high priests
  Nergalle (D:10)
  2 thrashing horrors (Abyss:2)
  5 naga sharpshooters (Snake:2)
  6 shock serpents
  Sonja (D:12)
  4 deep elf knights (Elf:1)
  A sixfirhy (Abyss:2)
  5 skeletal warriors
  A wretched star (Abyss:2)
  5 large abominations
  2 salamander mystics (Snake:2)
  A death drake (Abyss:2)
  A glowing orange brain (D:15)
  A sea snake (Snake:1)
  An orc knight (Orc:2)
  4 starcursed masses (Abyss:2)
  A flayed ghost (D:14)
  3 wizards
  Pikel (D:9)
  3 naga ritualists
  2 lindwurms (Lair:6)
  6 deep elf archers (Elf:1)
  7 mana vipers
  A shadow dragon zombie (Abyss:2)
  A wolf spider (Lair:2)
  16 deep elf pyromancers
  A salamander (shapeshifter) (Elf:1)
  A will-o-the-wisp (Abyss:2)
  5 manticores
  15 cyclopes
  15 ugly things
  8 deep elf zephyrmancers (Elf:1)
  A worldbinder (Abyss:2)
  A moth of wrath (shapeshifter) (D:15)
  6 orc sorcerers
  13 salamanders
  2 elephants (Lair:6)
  11 naga magi
  A black mamba (shapeshifter) (Elf:1)
  2 guardian serpents
  Maurice (D:8)
  29 black mambas
  16 cane toads
  A gargoyle (D:13)
  4 kobold demonologists
  A smoke demon (Abyss:2)
  6 torpor snails (Lair:6)
  3 unseen horrors
  Psyche (D:9)
  3 rime drakes
  A tormentor (Abyss:2)
  4 komodo dragons
  An ancient zyme (Abyss:2)
  2 freezing wraiths
  4 trolls
  2 polar bears
  5 tyrant leeches
  8 hornets
  12 blink frogs
  11 raiju
  3 dream sheep (Lair:6)
  3 slime creatures
  7 shadows
  Sigmund (D:4)
  2 vampires
  A water elemental (Elf:1)
  8 spriggans (D:8)
  16 basilisks
  55 yaks
  18 wyverns
  2 fire elementals (D:12)
  3 hogs (D:13)
  A human (D:13)
  6 wraiths
  3 vampire mosquitoes (D:14)
  Grum (D:8)
  A chaos spawn (Abyss:2)
  7 steam dragons
  5 wargs
  7 small abominations
  3 swamp worms (Lair:4)
  A harpy simulacrum (Abyss:2)
  4 acid dragons
  27 nagas
  20 water moccasins
  2 hell hounds (D:12)
  29 orc warriors
  A sky beast (D:6)
  13 ogres
  2 hornet zombies (D:8)
  2 black bears
  13 wolves
  5 centaurs
  3 phantoms
  A lemure (D:9)
  7 kobold brigands
  21 bullfrogs
  An earth elemental (Elf:1)
  7 scorpions
  A wyvern zombie (D:6)
  6 killer bees
  9 wights
  12 howler monkeys
  12 electric eels
  6 centaur zombies
  2 centaur skeletons
  3 hounds
  An iron imp (Abyss:2)
  7 jellies
  A bullfrog skeleton (D:6)
  2 gnoll shamans
  29 orc priests
  4 hell rats (Lair:4)
  5 iguanas
  35 orc wizards
  2 hound skeletons (D:5)
  6 mummies (Ossuary)
  A howler monkey zombie (D:10)
  9 gnolls
  16 adders
  A shadow imp (D:4)
  4 white imps
  3 ufetubi
  A worm (D:5)
  A dart slug (D:2)
  77 orcs
  12 ball pythons
  4 bats (D:1)
  11 endoplasms
  4 giant cockroaches
  12 goblins
  8 hobgoblins
  6 jackals
  3 quokkas
  3 frilled lizards (D:1)
  5 hobgoblin zombies (Ossuary)
  30 kobolds
  A rat (D:1)
  A spectral kobold (D:1)
  2 foxfires (Elf:1)
1027 creatures vanquished.

Vanquished Creatures (collateral kills)
  An orc (Orc:2)
  4 foxfires
5 creatures vanquished.

Vanquished Creatures (others)
  An orc (Orc:1)
  625 foxfires
  62 fungi
  167 plants
  2 starspawn tentacles (Abyss:2)
857 creatures vanquished.

Grand Total: 1889 creatures vanquished

Notes
Turn   | Place    | Note
-------+----------+-------------------------------------------
     0 | D:1      | DemonSlayer the Demonspawn Fire Elementalist began the
                  | quest for the Orb.
     0 | D:1      | Reached XP level 1. HP: 13/13 MP: 3/3
   214 | D:1      | Gained mutation: You have a small tail. [demonic ancestry]
   214 | D:1      | Reached XP level 2. HP: 15/19 MP: 1/5
   217 | D:1      | Learned a level 2 spell: Scorch
  1183 | D:1      | Found a faded altar of an unknown god.
  1259 | D:1      | Reached XP level 3. HP: 24/24 MP: 0/6
  1900 | D:1      | Found Hakhles's Assorted Antiques.
  1921 | D:1      | Learned a level 3 spell: Conjure Flame
  2500 | D:2      | You fall into a shaft and drop 2 floors!
  2720 | D:4      | Noticed a scorpion
  2854 | D:3      | Gained mutation: You regenerate a little health from kills.
                  | [demonic ancestry]
  2854 | D:3      | Reached XP level 4. HP: 30/30 MP: 0/7
  3057 | D:3      | Found a hide-covered altar of Uskayaw.
  4120 | D:2      | Reached skill level 3 in Spellcasting
  4180 | D:2      | Gained mutation: You have a tail ending in a sharp stinger.
                  | [demonic ancestry]
  4180 | D:2      | Reached XP level 5. HP: 30/35 MP: 2/9
  4586 | D:2      | Learned a level 4 spell: Flame Wave
  5332 | D:4      | Noticed Sigmund
  5375 | D:4      | Reached XP level 6. HP: 28/41 MP: 3/11
  6193 | D:4      | Killed Sigmund
  6194 | D:4      | Reached skill level 4 in Spellcasting
  6194 | D:4      | Reached XP level 7. HP: 33/46 MP: 4/13
  6402 | D:4      | Reached skill level 5 in Fire Magic
  6607 | D:4      | Learned a level 4 spell: Sticky Flame
  6731 | D:1      | Bought a faintly glowing dagger for 224 gold pieces
  6731 | D:1      | Identified the +12 dagger "Qoyrien" {vorpal, rC+ Dex+4}
                  | (You bought it in a shop on level 1 of the Dungeon)
  6886 | D:4      | Identified the +2 pair of boots of Teyg {rElec}
  6953 | D:5      | Entered Level 5 of the Dungeon
  6956 | D:5      | Reached skill level 1 in Fighting
  7178 | D:4      | Reached skill level 5 in Spellcasting
  7421 | D:5      | Gained mutation: You regenerate health from kills. [demonic
                  | ancestry]
  7421 | D:5      | Reached XP level 8. HP: 54/54 MP: 1/16
  7573 | D:5      | Learned a level 3 spell: Mephitic Cloud
  7595 | D:5      | Found a staircase to the Ecumenical Temple.
  7603 | Temple   | Entered the Ecumenical Temple
  7609 | Temple   | Became a worshipper of Cheibriados the Contemplative
  8126 | D:6      | Reached skill level 6 in Spellcasting
  8481 | D:6      | Reached * piety under Cheibriados
  8762 | D:6      | Reached skill level 7 in Spellcasting
  8912 | D:6      | Found Givepuhio's Antique Armour Shop.
  9283 | D:6      | Learned a level 3 spell: Ignite Poison
  9514 | D:7      | Reached XP level 9. HP: 59/59 MP: 19/19
  9698 | D:7      | Reached ** piety under Cheibriados
 10602 | D:7      | Found the ring of the Tortoise {AC+8}
 11144 | D:1      | Bought a white potion for 28 gold pieces
 11345 | D:8      | Noticed Harold
 11357 | D:8      | Killed Harold
 11358 | D:8      | Reached skill level 8 in Spellcasting
 11358 | D:8      | Reached skill level 1 in Poison Magic
 11700 | D:8      | Found a sand-covered staircase.
 11730 | Ossuary  | Entered an ossuary
 12038 | Ossuary  | Learned a level 5 spell: Freezing Cloud
 12055 | D:8      | Noticed Grum
 12068 | D:8      | Killed Grum
 12069 | D:8      | Gained mutation: You are partially covered in rugged brown
                  | scales. (AC +1, +3% HP) [demonic ancestry]
 12069 | D:8      | Reached XP level 10. HP: 54/67 MP: 0/22
 12074 | D:8      | Reached *** piety under Cheibriados
 12270 | D:8      | Noticed Maurice
 12274 | D:8      | Reached skill level 1 in Evocations
 12288 | D:8      | Killed Maurice
 12440 | D:8      | Reached skill level 9 in Spellcasting
 12440 | D:8      | Reached skill level 1 in Air Magic
 12629 | D:8      | Reached skill level 1 in Short Blades
 12917 | D:8      | Reached **** piety under Cheibriados
 13615 | D:8      | Learned a level 2 spell: Blink
 13803 | D:9      | Reached skill level 5 in Conjurations
 13907 | D:9      | Noticed Psyche
 13911 | D:9      | Killed Psyche
 13912 | D:9      | Gained mutation: You have a sharp stinger which inflicts
                  | weakening toxins. [demonic ancestry]
 13912 | D:9      | Reached XP level 11. HP: 74/74 MP: 13/24
 14317 | D:9      | Noticed Erica
 14319 | D:9      | Found a burning altar of Makhleb.
 14324 | D:9      | Noticed a boulder beetle
 14326 | D:9      | Noticed Pikel
 14328 | D:9      | Killed Erica
 14337 | D:9      | Reached ***** piety under Cheibriados
 14887 | D:9      | Reached skill level 5 in Stealth
 14935 | D:9      | Killed Pikel
 15043 | D:9      | Found a burning altar of Makhleb.
 15043 | D:9      | Noticed a skeletal warrior
 15053 | D:9      | Killed a skeletal warrior
 15054 | D:9      | Reached skill level 10 in Spellcasting
 15054 | D:9      | Reached skill level 1 in Transmutations
 15077 | D:9      | Killed a boulder beetle
 15318 | D:9      | Found a runed translucent door.
 15318 | D:9      | Noticed reezoh's ghost (novice DjGl)
 15927 | D:9      | Learned a level 2 spell: Ensorcelled Hibernation
 15954 | D:10     | Entered Level 10 of the Dungeon
 15971 | D:10     | Reached skill level 10 in Fire Magic
 16095 | D:10     | Noticed Fannar
 16098 | D:10     | Killed Fannar
 16330 | D:10     | Noticed Nergalle
 16349 | D:10     | Killed Nergalle
 16350 | D:10     | Reached skill level 5 in Dodging
 16765 | D:10     | Found a staircase to the Lair.
 16860 | D:10     | Gained mutation: You are mostly covered in rugged brown
                  | scales. (AC +2, +5% HP) [demonic ancestry]
 16860 | D:10     | Reached XP level 12. HP: 75/82 MP: 11/26
 17014 | D:10     | Found a staircase to the Orcish Mines.
 17230 | Lair:1   | Entered Level 1 of the Lair of Beasts
 17651 | Lair:1   | Reached ****** piety under Cheibriados
 17652 | Lair:1   | Reached skill level 11 in Spellcasting
 17931 | Lair:1   | Noticed Gastronok
 17947 | Lair:1   | Killed Gastronok
 17948 | Lair:1   | Reached skill level 1 in Shields
 18620 | Lair:1   | Learned a level 4 spell: Anguish
 18695 | Lair:2   | Noticed a four-headed hydra
 18712 | Lair:2   | Killed a four-headed hydra
 18919 | Lair:2   | Got the Incunabulum of the Fetching Escort
 19197 | Lair:2   | Noticed a five-headed hydra
 19213 | Lair:2   | Killed a five-headed hydra
 19565 | Lair:2   | Gained mutation: You are completely covered in rugged brown
                  | scales. (AC +3, +7% HP) [demonic ancestry]
 19565 | Lair:2   | Reached XP level 13. HP: 82/92 MP: 18/28
 19932 | Lair:2   | Reached skill level 12 in Spellcasting
 20084 | Lair:2   | Learned a level 3 spell: Summon Guardian Golem
 21209 | Orc:1    | Entered Level 1 of the Orcish Mines
 21209 | Orc:1    | Noticed Jorgrun
 21225 | Orc:1    | Killed Jorgrun
 21226 | Orc:1    | Reached skill level 5 in Short Blades
 21560 | Orc:2    | Entered Level 2 of the Orcish Mines
 21560 | Orc:2    | Found a gate leading to a gauntlet.
 21569 | Gauntlet | Entered a Gauntlet
 21569 | Gauntlet | Found a transporter.
 21569 | Gauntlet | Found a transporter.
 21573 | Gauntlet | Found a transporter.
 21573 | Gauntlet | Found a transporter.
 21575 | Gauntlet | Found a large runed translucent door.
 21576 | Gauntlet | Found a large runed translucent door.
 21577 | Gauntlet | Found a large runed translucent door.
 21577 | Gauntlet | Found a large runed translucent door.
 21577 | Gauntlet | Found a runed translucent door.
 21578 | Gauntlet | Found a large runed translucent door.
 21580 | Gauntlet | Found a transporter.
 21594 | Gauntlet | Found a large runed translucent door.
 21595 | Gauntlet | Found a large runed translucent door.
 21596 | Gauntlet | Found a large runed translucent door.
 21597 | Gauntlet | Found a runed translucent gate.
 21601 | Gauntlet | Found a transporter.
 21608 | Gauntlet | Found a transporter.
 21608 | Gauntlet | Found a runed translucent gate.
 21609 | Gauntlet | Found a runed translucent gate.
 21610 | Gauntlet | Found a transporter.
 21610 | Gauntlet | Found a transporter.
 21610 | Gauntlet | Found a large runed translucent door.
 21610 | Gauntlet | Found the ring of the Octopus King
 21611 | Gauntlet | Found a large runed translucent door.
 21612 | Gauntlet | Found a large runed translucent door.
 21618 | Gauntlet | Found a transporter.
 21656 | Gauntlet | Found a transporter.
 21663 | Gauntlet | Found a runed translucent door.
 21672 | Gauntlet | Found a large runed translucent door.
 21672 | Gauntlet | Found a large runed translucent door.
 21672 | Gauntlet | Found a large runed translucent door.
 21673 | Gauntlet | Found a large runed translucent door.
 21674 | Gauntlet | Found a transporter.
 21674 | Gauntlet | Found a large runed translucent door.
 21720 | Gauntlet | Found a transporter.
 21741 | Gauntlet | Found a transporter.
 21840 | Gauntlet | Found a transporter.
 21856 | Gauntlet | Found a transporter.
 21967 | Gauntlet | Identified the +1 scale mail of Asceticism {Harm Regen+
                  | Str+2 Int-4}
 22057 | Gauntlet | Reached skill level 1 in Throwing
 22064 | Gauntlet | Identified a ring of the Octopus King {AC+1 EV+1 Str+1
                  | Int+1 Dex+1 SInv}
 22516 | Gauntlet | Noticed a minotaur
 22523 | Gauntlet | Killed a minotaur
 22556 | Gauntlet | Identified the +1 pair of boots of Duipposu {rN+ Regen+
                  | SInv}
 23166 | Orc:2    | Found a staircase to the Elven Halls.
 23606 | Orc:2    | Reached skill level 1 in Armour
 24307 | Orc:2    | Found Winyraff's General Store.
 24307 | Orc:2    | Found Lemusonwei's Distillery.
 24308 | Orc:2    | Found Fihes's Antique Armour Emporium.
 24312 | Orc:2    | Found Xodecoke's General Store.
 24315 | Orc:2    | Bought a wand of acid (2) for 168 gold pieces
 24315 | Orc:2    | Bought a scroll of enchant armour for 105 gold pieces
 24315 | Orc:2    | Bought a condenser vane for 560 gold pieces
 24315 | Orc:2    | Bought a scroll of fear for 49 gold pieces
 24316 | Orc:2    | Bought a potion of curing for 42 gold pieces
 24316 | Orc:2    | Bought a potion of heal wounds for 70 gold pieces
 24316 | Orc:2    | Bought a potion of heal wounds for 70 gold pieces
 24987 | Orc:2    | Bought a potion of resistance for 140 gold pieces
 24987 | Orc:2    | Bought a potion of curing for 42 gold pieces
 24987 | Orc:2    | Bought 2 potions of curing for 84 gold pieces
 25290 | Lair:4   | Gained mutation: You regenerate magic rapidly. [demonic
                  | ancestry]
 25290 | Lair:4   | Reached XP level 14. HP: 99/99 MP: 3/30
 25559 | Lair:4   | You fall into a shaft and drop 1 floor!
 25572 | Lair:4   | Reached skill level 13 in Spellcasting
 25602 | Lair:4   | Found a staircase to the Snake Pit.
 26120 | Lair:4   | Found a staircase to the Swamp.
 26570 | Lair:5   | Found a staircase to the Slime Pits.
 26680 | Lair:5   | Reached skill level 5 in Shields
 27129 | Lair:6   | Entered Level 6 of the Lair of Beasts
 27161 | Lair:6   | Found a runed translucent door.
 27181 | Lair:6   | Noticed dang3rdave's ghost (journeyman GrTm)
 27184 | Lair:6   | Found a snail-covered altar of Cheibriados.
 27554 | Lair:6   | Found a runed translucent door.
 27600 | Lair:6   | Paralysed by a hornet for 1 turns
 27602 | Lair:6   | Paralysed by a hornet for 2 turns
 29007 | Lair:6   | Reached XP level 15. HP: 106/107 MP: 28/32
 29468 | D:11     | Found a portal to a secret trove of treasure.
 29900 | D:11     | You paid a toll of +2 fire dragon scales to enter a
                  | treasure trove
 29901 | Trove    | Entered a treasure trove
 29906 | Trove    | Found the +5 robe of Night {Dark Will+ SInv}
 29916 | Trove    | Identified the +6 rapier of Blood-Lust {freeze, Drain rElec
                  | Int+5}
 29918 | Trove    | Identified the +0 pair of gloves "Zyib" {Dex+6}
 31292 | D:11     | Learned a level 4 spell: Summon Ice Beast
 31370 | D:12     | Found Poagiluu's Antique Armour Shoppe.
 31545 | D:12     | Found a flickering gateway to a bazaar.
 31554 | Bazaar   | Entered a bazaar
 31558 | Bazaar   | Found Muczaana's Distillery.
 31580 | Bazaar   | Found Kys Dyro's Antique Armour Emporium.
 31601 | Bazaar   | Found Veashreq's Book Boutique.
 31621 | Bazaar   | Found Veuhaysa's Antique Weapon Shoppe.
 31666 | Bazaar   | Bought a pair of embroidered gloves for 165 gold pieces
 31666 | Bazaar   | Bought a pair of fine boots for 209 gold pieces
 31666 | Bazaar   | Identified the +2 pair of boots of Resonant Lucidity
                  | {rPois} (You bought it in a shop in a bazaar)
 31682 | Bazaar   | Bought a potion of mutation for 72 gold pieces
 31682 | Bazaar   | Bought a potion of resistance for 90 gold pieces
 31682 | Bazaar   | Bought a potion of mutation for 72 gold pieces
 31682 | Bazaar   | Bought a potion of resistance for 90 gold pieces
 31682 | Bazaar   | Bought a potion of heal wounds for 45 gold pieces
 31723 | Bazaar   | Bought a book of Power for 504 gold pieces
 31723 | Bazaar   | Bought a book of Chaos for 600 gold pieces
 31764 | Bazaar   | Bought a potion of might for 36 gold pieces
 31764 | Bazaar   | Bought a potion of might for 36 gold pieces
 31764 | Bazaar   | Bought a potion of curing for 27 gold pieces
 31764 | Bazaar   | Bought a potion of might for 36 gold pieces
 31764 | Bazaar   | Bought a potion of ambrosia for 72 gold pieces
 32384 | D:12     | Found Zogyvodgh's Magic Scroll Shoppe.
 32387 | D:12     | Bought a scroll of teleportation for 51 gold pieces
 32459 | D:12     | Noticed Sonja
 32466 | D:12     | Killed Sonja
 32470 | D:12     | Noticed Josephine
 32478 | D:12     | Killed Josephine
 32549 | D:12     | Found Wiloter's Weapon Emporium.
 32638 | D:12     | Found Giaz's Weapon Shoppe.
 33040 | D:12     | Noticed Azrael
 33128 | D:12     | Killed Azrael
 33759 | D:13     | Reached skill level 14 in Spellcasting
 33907 | D:13     | Reached skill level 5 in Armour
 33927 | D:13     | Noticed Kirke
 33935 | D:13     | Killed Kirke
 34315 | D:13     | Identified the +5 dire flail of the Eternal Warrior {flame,
                  | rPois}
 34318 | D:13     | Identified the +5 hunting sling "Ymufay Ewny" {speed, Fly
                  | Int+4}
 35342 | D:13     | Found a gate to the Vaults.
 35346 | D:13     | Cast into level 2 of the Abyss (a wizard)
 35411 | Abyss:2  | Noticed a daeva
 35646 | Abyss:2  | Noticed a tentacled starspawn
 35666 | Abyss:2  | Noticed a lich
 35693 | Abyss:2  | Killed a tentacled starspawn
 35928 | D:13     | Escaped the Abyss
 36938 | D:14     | Reached XP level 16. HP: 95/115 MP: 13/34
 37074 | D:15     | Entered Level 15 of the Dungeon
 37123 | D:15     | Found Gozag's Platinum Reserve.
 37400 | D:15     | Found a staircase to the Depths.
 37542 | D:15     | Reached skill level 1 in Translocations
 37846 | D:15     | Found an opulent altar of Gozag.
 38075 | D:15     | Learned a level 4 spell: Leda's Liquefaction
 38315 | Elf:1    | Entered Level 1 of the Elven Halls
 38724 | D:1      | Gained mutation: Your muscles are strong. (Str +2) [potion
                  | of mutation]
 38724 | D:1      | Gained mutation: You sometimes lose the ability to read
                  | scrolls when taking damage. [potion of mutation]
 38725 | D:1      | Lost mutation: Your muscles are strong. (Str +2) [potion of
                  | mutation]
 38725 | D:1      | Lost mutation: You sometimes lose the ability to read
                  | scrolls when taking damage. [potion of mutation]
 38725 | D:1      | Gained mutation: Your magical capacity is low. (-10% MP)
                  | [potion of mutation]
 38725 | D:1      | Gained mutation: You are agile. (Dex +2) [potion of
                  | mutation]
 38726 | D:1      | Lost mutation: Your magical capacity is low. (-10% MP)
                  | [potion of mutation]
 38726 | D:1      | Lost mutation: You are agile. (Dex +2) [potion of mutation]
 38726 | D:1      | Gained mutation: You occasionally shout uncontrollably at
                  | your foes. [potion of mutation]
 38726 | D:1      | Gained mutation: You have a somewhat thin skeletal
                  | structure. (Dex +2, Stealth+) [potion of mutation]
 38727 | D:1      | Lost mutation: You occasionally shout uncontrollably at
                  | your foes. [potion of mutation]
 38727 | D:1      | Lost mutation: You have a somewhat thin skeletal structure.
                  | (Dex +2, Stealth+) [potion of mutation]
 38727 | D:1      | Gained mutation: Your mind is acute. (Int +2) [potion of
                  | mutation]
 38727 | D:1      | Gained mutation: Your muscles are strong. (Str +2) [potion
                  | of mutation]
 38727 | D:1      | Gained mutation: You have large cloven feet. [potion of
                  | mutation]
 39423 | Lair:6   | Killed dang3rdave's ghost
 41174 | Elf:1    | Reached skill level 10 in Conjurations
 41178 | Elf:1    | Reached skill level 5 in Poison Magic
 41366 | Elf:1    | Reached skill level 1 in Ice Magic
 41443 | Elf:1    | Found the +9 staff of Olgreb {rPois∞}
 41798 | Elf:1    | Got the Almanac of the Escort
 42375 | Snake:1  | Entered Level 1 of the Snake Pit
 42375 | Snake:1  | Found Qutt's Jewellery Emporium.
 42576 | Snake:1  | Reached skill level 15 in Spellcasting
 42613 | Snake:1  | Found Amailoreo's Magic Scroll Boutique.
 42673 | Snake:1  | Found Hygriut's Antique Weapon Shoppe.
 42684 | Snake:1  | Found Faifa's Weapon Shop.
 42967 | Snake:1  | Found Oniadid's Assorted Antiques.
 43628 | Snake:1  | Identified a scroll of acquirement
 43629 | Snake:1  | Acquired 982 gold pieces
 44301 | D:12     | Bought the +10 morningstar "Eos" {elec, Halo rElec} for
                  | 1184 gold pieces
 44301 | D:12     | Found the +10 morningstar "Eos" {elec, Halo rElec}
 44301 | D:12     | Bought a throwing net for 48 gold pieces
 44374 | D:12     | Bought a scroll of teleportation for 51 gold pieces
 44374 | D:12     | Bought a scroll of teleportation for 51 gold pieces
 44374 | D:12     | Bought a scroll of teleportation for 51 gold pieces
 44561 | Snake:2  | Reached skill level 5 in Air Magic
 44641 | Snake:2  | Gained mutation: You punish those that try to bend your
                  | will. (Will+) [demonic ancestry]
 44641 | Snake:2  | Reached XP level 17. HP: 120/120 MP: 31/36
 44846 | Snake:2  | Reached skill level 1 in Maces & Flails
 44911 | Snake:2  | Noticed Vashnia
 44926 | Snake:2  | HP: 4/120 [Vashnia/arrow (20)]
 44945 | Snake:2  | Killed Vashnia
 45415 | Snake:2  | Reached skill level 1 in Hexes
 45655 | Snake:2  | Noticed Roxanne
 45681 | Snake:2  | Killed Roxanne
 46290 | Snake:3  | Found Lione's Book Shoppe.
 46836 | Snake:4  | Entered Level 4 of the Snake Pit
 46960 | Snake:4  | Reached skill level 5 in Fighting
 46962 | Snake:4  | Noticed Mara
 46967 | Snake:4  | Noticed DemonSlayer's illusion
 47048 | Snake:3  | HP: 4/123 [poisoned by Mara]
 47049 | Snake:3  | Killed from afar by Mara

Illustrated notes

Levels and vault maps discovered:
D:1:      dpeg_arrival_shelter, layout_loops_ring, serial_shops,
          nicolae_shop_stone, dreamdust_ecumenical_altar_drowned_temple
D:2:      layout_basic, amcnicky_mini_corridor_feature
D:3:      layout_basic, nicolae_uskayaw_dance_hall, serial_bayou,
          serial_bayou_lake_a, serial_bayou_pond_d, serial_bayou_shore_a,
          serial_bayou_pond_a
D:4:      minmay_door_path, layout_basic, uniq_sigmund
D:5:      layout_rooms, temple_green, minmay_a_box_with_orc_wizards_in_it
D:6:      layout_basic, serial_shops, nicolae_take_the_stairs
D:7:      layout_gridville
D:8:      kb_forest_paths, layout_basic, serial_glass, glass_columns_a,
          glass_columns_a, glass_columns_a, glass_columns_c, glass_columns_b,
          glass_columns_a, glass_columns_b, glass_columns_b, glass_columns_b,
          glass_columns_a, due_unseen_surprise, feat_on_display,
          unseen_surprise_small, nicolae_ossuary_entry_false_entrances,
          uniq_harold, uniq_grum, uniq_maurice
D:9:      cheibrodos_two_vegetables, layout_irregular_city,
          gammafunk_ghost_grave, hangedman_feature_mirror, st_stairs_6,
          uniq_erica, uniq_psyche, uniq_pikel
D:10:     layout_roguey, grunt_lair_entry_orc_guard_hut, hiddenorc1_lemuel,
          minmay_unpleasant_kobolds, uniq_nergalle, uniq_fannar
D:11:     layout_gridville, enter_trove_1
D:12:     layout_basic, serial_rivers, chequers_serial_rivers_micro_a,
          chequers_serial_rivers_small_b, chequers_serial_rivers_room_b,
          chequers_serial_rivers_large_b, serial_shops, bzr_firewalk,
          nicolae_shop_stone, kennysheep_mini_moat, shop, kennysheep_mini,
          uniq_josephine, uniq_azrael, uniq_sonja
D:13:     giant_chief_lemuel, layout_irregular_city, david_vaults_1, uniq_kirke
D:14:     layout_rooms
D:15:     gammafunk_enter_depths_forms, layout_small_grid,
          nicolae_gozag_zags_fifth_avenue, st_stairs_4
Temple:   nicolae_temple_the_god_donut
Lair:1:   layout_hall_layers, chequers_serial_rivers_micro_d,
          bh_autumn_forest_stairs, guppyfry_lair_drakes, uniq_gastronok
Lair:2:   minmay_lair_venomous_thicket, layout_gridlike, serial_bayou_shore_b
Lair:3:   layout_chaotic_city, minivault_23, hangedman_lair_unloving_vines,
          serial_bayou_lagoon_b
Lair:4:   layout_roguey [special_room_mythical_zoo], palyth_hydra_swamp_entry,
          guppyfry_snake_entry_garden, grunt_megastairs_2, serial_bayou_shore_b
Lair:5:   layout_long_grid, minmay_slime_entry_pillars, grunt_megastairs_1
Lair:6:   hangedman_lair_in_review, layout_layer_cave, wormcave, basic_altar,
          ebering_ghost_inner_flame
Snake:1:  layout_chambers, serial_shops, nicolae_shop_advertising_works
          [nicolae_subvault_shop_adworks], shop_statue,
          nicolae_shop_bloodbath_and_beyond, shop, nicolae_lakefront_shop,
          serial_bayou_pond_c
Snake:2:  layout_layer_cave, uniq_roxanne, uniq_vashnia
Snake:3:  layout_gridlike, serial_shops, nicolae_shop_statue_plus
Snake:4:  hellmonk_snake_rune_quicksilver_temple, layout_rooms, drop_trap,
          minmay_shop_mass, minmay_snake_pond, uniq_mara
Orc:1:    layout_caves, nicolae_orc_rockfall, uniq_jorgrun
Orc:2:    st_orc_mages, layout_caves, gauntlet_entry_generic, basic_altar
Elf:1:    nicolae_elf_arrival_fired_up, layout_gridlike, minmay_elf_demonology

Skill      XL: |  1  2  3  4  5  6  7  8  9 10 11 12 13 14 15 16 17 |
---------------+----------------------------------------------------+-----
Fire Magic     | 3 4 5 7 8 9 10 11 12 13 | 13.6
Dodging        | 2 3 4 5 6 7 |  7.8
Stealth        | 2 3 4 5 6 7 8 |  8.0
Spellcasting   | 3 4 5 7 8 9 10 11 12 13 14 15 | 15.4
Conjurations   | 2 3 5 6 7 8 9 10 | 10.6
Fighting       | 1 2 3 4 5 |  5.0
Poison Magic   | 1 2 3 4 5 |  5.6
Evocations     | 1 2 3 |  3.2
Air Magic      | 1 2 3 4 5 |  5.5
Short Blades   | 2 3 4 5 6 7 |  7.3
Transmutations | 1 2 |  2.6
Shields        | 2 3 6 7 8 9 |  9.3
Throwing       | 1 |  1.5
Armour         | 1 3 5 6 |  6.9
Translocations | 1 |  1.2
Ice Magic      | 1 2 |  2.4
Maces & Flails | 3 |  3.5
Hexes          | 1 |  1.3
Summonings     | |  0.2
Invocations    | |  0.1

Action                   |  1- 3 |  4- 6 |  7- 9 | 10-12 | 13-15 | 16-18 || total
-------------------------+-------+-------+-------+-------+-------+-------++-------
Melee: Dagger            |    27 |    18 |    57 |   223 |   861 |   146 ||  1332
       Tailslap          |     2 |     1 |     8 |    38 |   187 |    51 ||   287
       Punch             |       |     1 |       |     4 |       |       ||     5
       Morningstar       |       |       |       |       |       |   104 ||   104
Throw: Boomerang         |       |       |       |     8 |     3 |       ||    11
       Dart              |       |       |       |     1 |     3 |       ||     4
       Throwing net      |       |       |       |       |     4 |       ||     4
 Cast: Foxfire           |   134 |    73 |    67 |    41 |    54 |     9 ||   378
       Scorch            |       |    34 |   121 |    67 |    59 |    42 ||   323
       Mephitic Cloud    |       |       |     6 |    30 |    74 |    35 ||   145
       Ignite Poison     |       |       |     4 |    19 |    41 |    24 ||    88
       Sticky Flame      |       |       |     3 |    78 |   334 |    56 ||   471
       Flame Wave        |       |       |       |     1 |     8 |     2 ||    11
       Freezing Cloud    |       |       |       |     1 |     6 |    66 ||    73
       Conjure Flame     |       |       |       |       |     2 |       ||     2
       Summon Guardian G |       |       |       |       |     2 |     2 ||     4
       Blink             |       |       |       |       |     1 |     4 ||     5
Invok: Bend Time         |       |       |       |       |     2 |       ||     2
Evoke: Wand              |       |       |       |    29 |    26 |       ||    55
  Use: Scroll            |       |    10 |     7 |     9 |    10 |     6 ||    42
       Potion            |       |     5 |     1 |     5 |    20 |    10 ||    41
 Stab: Sleeping          |     1 |     1 |     7 |     8 |     9 |     9 ||    35
       Confused          |       |       |       |     4 |     7 |     4 ||    15
       Invisible         |       |       |       |     3 |     2 |       ||     5
       Distracted        |       |       |       |     2 |     1 |       ||     3
       Petrifying        |       |       |       |       |     1 |       ||     1
       Held in net/web   |       |       |       |       |     1 |       ||     1
Armor: Robe              |     9 |    24 |    49 |   161 |    23 |       ||   266
       Steam dragon scal |       |       |    13 |     8 |       |       ||    21
       Scale mail        |       |       |       |       |   293 |   116 ||   409
Dodge: Dodged            |    23 |    44 |    91 |   276 |   636 |   222 ||  1292
Block: Kite shield       |       |       |       |    98 |  1024 |   392 ||  1514
